 Dungeon Crawl Stone Soup version 0.30.1-9-gdf580d7c3d (webtiles) character file.

Game seed: 9408826566272961632

196 Raikaria the Ducker (level 5, -4/47 HPs)
             Began as a Gnoll Monk on Sept 26, 2023.
             Splashed by a jelly's acid (5 damage)
             ... on level 5 of the Dungeon.
             The game lasted 00:06:39 (2612 turns).

Raikaria the Ducker (Gnoll Monk)                    Turns: 2612, Time: 00:06:40

Health: -4/47      AC:  0    Str: 13    XL:     5   Next: 75%
Magic:  7/7        EV: 14    Int: 11    God:
Gold:   108        SH:  0    Dex: 14    Spells: 5/7 levels left

rFire   . . .        l - +0 trident
rCold   . . .        d - orb {light}
rNeg    . . .        f - +0 leather armour
rPois   .            (no helmet)
rElec   .            (no cloak)
rCorr   .            n - +0 pair of gloves
SInv    .            (no boots)
Will    .....        p - amulet of the Shouting Madman {Acrobat Str+2}
Stlth   +            k - +4 ring of protection
HPRegen 0.27/turn    (no ring)
MPRegen 0.10/turn

%: acrobat
@: corroded, glowing
A: fangs 1, strong nose, distributed training
a: no special abilities


You were on level 5 of the Dungeon.
You visited 1 branch of the dungeon, and saw 5 of its levels.

You collected 108 gold pieces.

Inventory:

Hand Weapons
 l - a +0 trident (weapon)
Armour
 b - a +0 robe
 d - an orb of light (worn)
 f - a +0 leather armour (worn)
 n - a +0 pair of gloves (worn)
Jewellery
 k - a +4 ring of protection (left hand)
 p - the amulet of the Shouting Madman (around neck) {Acrobat Str+2}
   (You found it on level 3 of the Dungeon)

   [amulet of the acrobat]

   It increases your evasion while moving and waiting.
   Str:       It affects your strength (+2).
Wands
 h - a wand of quicksilver (9)
Scrolls
 a - 2 scrolls of teleportation {unknown}
 j - 3 scrolls of identify {unknown}
 q - a scroll of amnesia {unknown}
 s - a scroll of enchant weapon {unknown}
Potions
 c - a potion of ambrosia
 e - a potion of curing {unknown}
 g - a potion of mutation {unknown}
 i - a potion of flight {unknown}
 m - a potion of brilliance {unknown}
 o - a potion of invisibility {unknown}
 r - a potion of heal wounds
 t - a potion of haste {unknown}


   Skills:
 + Level 6.7 Fighting
 + Level 1.7 Short Blades
 + Level 1.7 Long Blades
 + Level 1.7 Axes
 + Level 1.7 Maces & Flails
 + Level 6.7 Polearms
 + Level 1.7 Staves
 + Level 1.7 Ranged Weapons
 + Level 1.7 Throwing
 + Level 1.7 Armour
 + Level 6.7 Dodging
 + Level 1.7 Stealth
 + Level 1.7 Shields
 + Level 1.7 Unarmed Combat
 + Level 1.7 Spellcasting
 + Level 1.3 Conjurations
 + Level 1.3 Hexes
 + Level 1.3 Summonings
 + Level 1.3 Necromancy
 + Level 1.3 Translocations
 + Level 1.3 Transmutations
 + Level 1.3 Fire Magic
 + Level 1.3 Ice Magic
 + Level 1.3 Air Magic
 + Level 1.3 Earth Magic
 + Level 1.3 Poison Magic
 + Level 1.9 Invocations
 + Level 1.7 Evocations


You had 5 spell levels left.
You knew the following spells:

 Your Spells              Type           Power      Damage    Failure   Level
a - Searing Ray           Conj           6%         2d4       32%         2

Your spell library contained the following spells:

 Spells                   Type           Power      Damage    Failure   Level
 Magic Dart               Conj           12%        1d3       22%         1
 Fulminant Prism          Conj/Hex       1%         3d5       91%         4


Dungeon Overview and Level Annotations

Branches:
Dungeon (5/15)
 Temple: D:4-7

Altars:
Sif Muna
The Shining One


Innate Abilities, Weirdness & Mutations

You have very sharp teeth.
Your uncanny sense of smell can sniff out nearby items.
Your experience applies equally to all skills.


Message History

The worm is lightly wounded.
The worm bites you.
You hit the worm. You bite the worm, but do no damage.
The worm is lightly wounded.
You hit the worm but do no damage. You bite the worm, but do no damage.
The worm is lightly wounded.
The worm bites you.
You hit the worm.
The worm is heavily wounded.
The jelly closely misses you.
You hit the worm.
The worm is severely wounded.
The jelly hits you but does no damage. The worm barely misses you.
You hit the worm.
The worm is almost dead.
The jelly closely misses you.
You hit the worm.
You kill the worm!
The jelly misses you.
You puncture the jelly!
Your hands burn!
The jelly is severely wounded.
The jelly hits you. The acid corrodes you!
You are splashed with acid!
You hit the jelly but do no damage.
Your hands burn!
The jelly is severely wounded.
The jelly barely misses you.
You hit the jelly.
Your hands burn!
You bite the jelly, but do no damage.
The jelly is almost dead.
The jelly hits you.
You are splashed with acid.
You hit the jelly.
Your hands burn!
The jelly is almost dead.
The jelly barely misses you.
You hit the jelly but do no damage. The acid corrodes you!
Your hands burn!
* * * LOW HITPOINT WARNING * * *
The jelly is almost dead.
The jelly hits you.
* * * LOW HITPOINT WARNING * * *
You are splashed with acid!
* * * LOW HITPOINT WARNING * * *
You hit the jelly but do no damage.
Your hands burn!
You die...

####### #.....#
#.....#
#.....#########
#.............#
#.....@######..
#.....J....#
######........
.........
........#
#........+
##.......#
.....#...


You could see a jelly.

Vanquished Creatures
  An ogre (D:5)
  A gnoll (D:3)
  3 adders
  3 worms
  6 orcs
  8 ball pythons
  5 endoplasms
  A giant cockroach (D:3)
  8 goblins
  6 hobgoblins
  4 jackals (D:2)
  2 kobolds
  A quokka (D:1)
  4 bats
  A frilled lizard (D:1)
  4 rats
58 creatures vanquished.

Notes
Turn   | Place    | Note
-------+----------+-------------------------------------------
     0 | D:1      | Raikaria the Gnoll Monk began the quest for the Orb.
     0 | D:1      | Reached XP level 1. HP: 23/23 MP: 1/1
   178 | D:1      | Reached XP level 2. HP: 29/29 MP: 2/2
   942 | D:2      | Reached XP level 3. HP: 21/35 MP: 2/4
  1097 | D:2      | Reached skill level 1 in Invocations
  1261 | D:2      | Reached skill level 1 in Short Blades
  1261 | D:2      | Reached skill level 1 in Long Blades
  1261 | D:2      | Reached skill level 1 in Axes
  1261 | D:2      | Reached skill level 1 in Maces & Flails
  1261 | D:2      | Reached skill level 1 in Staves
  1261 | D:2      | Reached skill level 1 in Ranged Weapons
  1261 | D:2      | Reached skill level 1 in Throwing
  1261 | D:2      | Reached skill level 1 in Armour
  1261 | D:2      | Reached skill level 1 in Stealth
  1261 | D:2      | Reached skill level 1 in Shields
  1261 | D:2      | Reached skill level 1 in Unarmed Combat
  1261 | D:2      | Reached skill level 1 in Spellcasting
  1261 | D:2      | Reached skill level 1 in Evocations
  1400 | D:2      | Learned a level 2 spell: Searing Ray
  1517 | D:3      | Reached XP level 4. HP: 41/41 MP: 5/5
  1520 | D:3      | Identified the amulet of the Shouting Madman {Acrobat
                  | Str+2}
  1891 | D:3      | Found a glowing golden altar of the Shining One.
  1892 | D:3      | Found a shimmering blue altar of Sif Muna.
  1929 | D:3      | Reached skill level 1 in Conjurations
  1929 | D:3      | Reached skill level 1 in Hexes
  1929 | D:3      | Reached skill level 1 in Summonings
  1929 | D:3      | Reached skill level 1 in Necromancy
  1929 | D:3      | Reached skill level 1 in Translocations
  1929 | D:3      | Reached skill level 1 in Transmutations
  1929 | D:3      | Reached skill level 1 in Fire Magic
  1929 | D:3      | Reached skill level 1 in Ice Magic
  1929 | D:3      | Reached skill level 1 in Air Magic
  1929 | D:3      | Reached skill level 1 in Earth Magic
  1929 | D:3      | Reached skill level 1 in Poison Magic
  2154 | D:5      | Entered Level 5 of the Dungeon
  2154 | D:5      | Noticed an ogre
  2160 | D:5      | Killed an ogre
  2161 | D:5      | Reached XP level 5. HP: 3/47 MP: 5/7
  2596 | D:3      | You fall into a shaft and drop 2 floors!
  2611 | D:5      | HP: 1/47 [acid (9)]
  2612 | D:5      | Splashed by a jelly's acid

Illustrated notes

Levels and vault maps discovered:
D:1:      kennysheep_arrival_forest, layout_loops_corners
D:2:      layout_rooms
D:3:      layout_loops_cross, nicolae_overflow_squiral
D:4:      layout_rooms, minitemple, corexii_item_surrounded_by_moat,
          guppyfry_shop_venom
D:5:      layout_rooms, kennysheep_mini_moat, uniq_crazy_yiuf_cottage,
          uniq_duvessa

Skill      XL: |  1  2  3  4 |
---------------+-------------+-----
Invocations    | 1 |  1.9
Short Blades   | 1 |  1.7
Long Blades    | 1 |  1.7
Axes           | 1 |  1.7
Maces & Flails | 1 |  1.7
Staves         | 1 |  1.7
Ranged Weapons | 1 |  1.7
Throwing       | 1 |  1.7
Armour         | 1 |  1.7
Stealth        | 1 |  1.7
Shields        | 1 |  1.7
Unarmed Combat | 1 |  1.7
Spellcasting   | 1 |  1.7
Evocations     | 1 |  1.7
Conjurations   | 1 |  1.3
Hexes          | 1 |  1.3
Summonings     | 1 |  1.3
Necromancy     | 1 |  1.3
Translocations | 1 |  1.3
Transmutations | 1 |  1.3
Fire Magic     | 1 |  1.3
Ice Magic      | 1 |  1.3
Air Magic      | 1 |  1.3
Earth Magic    | 1 |  1.3
Poison Magic   | 1 |  1.3
Fighting       | |  6.7
Polearms       | |  6.7
Dodging        | |  6.7

Action                     |  1- 3 |  4- 6 || total
---------------------------+-------+-------++-------
  Melee: Spear             |    55 |       ||    55
         Bite              |     8 |    11 ||    19
         Trident           |    28 |    90 ||   118
    Use: Potion            |       |     1 ||     1
 Armour: Robe              |     7 |     4 ||    11
         Leather armour    |       |    11 ||    11
  Dodge: Dodged            |    27 |    49 ||    76
